 Dungeon Crawl Stone Soup version 0.17-a0-1997-ga88ed7d (webtiles) character file.

553 Mordenkainen the Skirmisher (level 7, -1/85 HPs)
             Began as a Demonspawn Berserker on Oct 8, 2015.
             Was a Priest of Trog.
             Slain by a slave (9 damage)
             ... led by Pikel
             ... on level 5 of the Dungeon.
             The game lasted 00:08:21 (4287 turns).

Mordenkainen the Skirmisher (Demonspawn Berserker)  Turns: 4287, Time: 00:08:22

Health: -1/85      AC:  4    Str: 28    XL:     7   Next: 8%
Magic:  7/7        EV: 13    Int:  8    God:    Trog [***...]
Gold:   168        SH:  0    Dex: 12    Spells: 0 memorised, 6 levels left

rFire  . . .     SeeInvis .     v - +1 hand axe "Qixeaqit" {freeze, Str+3} (curse)
rCold  . . .     Clarity  .     b - +0 animal skin
rNeg   + . .     SustAt   .     (no shield)
rPois  +         Gourm    .     (helmet restricted)
rElec  .         Spirit   .     (no cloak)
rCorr  .         Warding  .     (no gloves)
rMut   .         Stasis   .     (no boots)
MR     .....                    (no amulet)
Stlth  ..........               u - ring of positive energy
                                f - ring of poison resistance

@: berserking, very quick, not resistant to hostile enchantments, extremely
unstealthy
A: horns 1, rugged brown scales 2, nightstalker 1
a: Burn Spellbooks, Berserk, Trog's Hand, Renounce Religion


You were on level 5 of the Dungeon.
You worshipped Trog.
Trog was most pleased with you.
You were not hungry.

You visited 1 branch of the dungeon, and saw 5 of its levels.

You collected 168 gold pieces.

Inventory:

Hand Weapons
 a - a +0 falchion
 v - the cursed +1 hand axe "Qixeaqit" (weapon) {freeze, Str+3}
   (You found it on level 4 of the Dungeon)

   It has been specially enchanted to freeze those struck by it, causing extra
   injury to most foes and up to half again as much damage against particularly
   susceptible opponents.
   It can also slow down cold-blooded creatures.
   It affects your strength (+3).
   It has a curse placed upon it.
Armour
 b - a +0 animal skin (worn)
Jewellery
 f - a ring of poison resistance (left hand)
 u - a ring of positive energy (right hand)
Wands
 g - a wand of polymorph (3)
 w - a wand of disintegration (15)
Scrolls
 j - 2 scrolls of immolation
 k - 2 scrolls of enchant weapon
 m - a scroll of noise
 n - 2 scrolls of identify
 p - 4 scrolls of teleportation
 s - a scroll of magic mapping {unknown}
Potions
 e - a potion of flight {unknown}
 h - 2 potions of curing
 i - a potion of magic {unknown}
 l - a potion of degeneration {unknown}
 q - a potion of lignification {unknown}
 r - a potion of cancellation {unknown}
Comestibles
 c - 4 bread rations
 d - 4 meat rations
 o - 5 fruits


   Skills:
 * Level 4.7 Fighting
 - Level 4.0 Long Blades
 * Level 4.0 Armour
 * Level 4.0 Dodging


You had 6 spell levels left.
You didn't know any spells.

Dungeon Overview and Level Annotations

Branches:
Dungeon (5/15)
 Temple: D:4-7

Altars:
Nemelex Xobeh
The Shining One


Innate Abilities, Weirdness & Mutations

You have a pair of small horns on your head.
You are mostly covered in rugged brown scales (AC +2, +5% HP).
You are slightly more attuned to the shadows.


Message History

The slave misses you.
You hit the slave. You freeze the slave. Your headbutt misses the slave.
The slave is severely wounded.
You hit the jackal skeleton. The jackal skeleton misses you.
The slave hits you.
* * * LOW HITPOINT WARNING * * *
You hit the slave. You freeze the slave. You headbutt the slave!
The slave is almost dead.
You completely miss the jackal skeleton.
The jackal skeleton bites you but does no damage.
The slave closely misses you. The jackal skeleton bites you.
* * * LOW HITPOINT WARNING * * *
The slave hits you!
* * * LOW HITPOINT WARNING * * *
Use which ability?
A red film seems to cover your vision as you go berserk!
You feel yourself moving faster!
You feel mighty!
You feel somewhat more hungry. The jackal skeleton misses you.
The slave hits you!
You die...

##.)## ..# . #...# .##
.. ##..## ....##...#
...##...## .......##
.......#
#.....###############..
#......##.....pp@Z.....
#.............########.
#..........####
...........#
...........#
...........#
..........##
..........# ........>.#


You could see 2 slaves and a jackal skeleton.

Vanquished Creatures
  A giant frog (D:5)
  A scorpion (D:4)
  A giant frog zombie (D:5)
  An iguana (D:4)
  A centaur zombie (D:5)
  4 hounds
  A giant frog skeleton (D:5)
  2 worker ants
  A worker ant zombie (D:5)
  6 adders
  An ooze (D:4)
  A worm (D:5)
  4 giant geckos
  11 orcs
  2 giant cockroaches
  8 hobgoblins
  3 jackals (D:5)
  12 kobolds
  5 bats
  2 giant gecko skeletons
  3 giant newts
  5 goblins
  A jackal skeleton (D:4)
  3 quokkas
  6 rats
86 creatures vanquished.

Notes
Turn   | Place    | Note
--------------------------------------------------------------
     0 | D:1      | Mordenkainen the Demonspawn Berserker began the quest for the Orb.
     0 | D:1      | Reached XP level 1. HP: 18/18 MP: 1/1
   242 | D:1      | Gained mutation: You are partially covered in rugged brown scales (AC +1, +3% HP). [demonic ancestry]
   242 | D:1      | Reached XP level 2. HP: 6/24 MP: 2/2
  1418 | D:2      | Acquired Trog's second power
  1647 | D:2      | Gained mutation: You are mostly covered in rugged brown scales (AC +2, +5% HP). [demonic ancestry]
  1647 | D:2      | Reached XP level 3. HP: 19/30 MP: 3/3
  2227 | D:3      | Found a glowing golden altar of the Shining One.
  2575 | D:3      | HP: 2/45 [poisoned by an adder]
  2578 | D:3      | Gained mutation: You have a pair of small horns on your head. [demonic ancestry]
  2578 | D:3      | Reached XP level 4. HP: 2/36 MP: 4/4
  2580 | D:3      | HP: 2/54 [poisoned by an adder]
  2586 | D:3      | HP: 1/36 [poisoned by an adder]
  3183 | D:4      | Gained mutation: You are slightly more attuned to the shadows. [demonic ancestry]
  3183 | D:4      | Reached XP level 5. HP: 39/44 MP: 5/5
  3480 | D:4      | Found a sparkling altar of Nemelex Xobeh.
  3499 | D:4      | Reached skill level 4 in Fighting
  3688 | D:4      | Reached XP level 6. HP: 26/50 MP: 6/6
  3792 | D:4      | Got a twisted hand axe
  3793 | D:4      | Identified the cursed +1 hand axe "Qixeaqit" {freeze, Str+3} (You found it on level 4 of the Dungeon)
  3806 | D:5      | Entered Level 5 of the Dungeon
  4129 | D:5      | Reached XP level 7. HP: 45/57 MP: 7/7
  4287 | D:5      | Slain by a slave

Vault maps used:
D:1:      saegor_arrival_simple_a
D:3:      tso_altar, first_bread, minmay_misc_feat_doors, serial_bayou_pond_c
D:4:      nemelex_spade_bored_becter
D:5:      uniq_edmund, uniq_pikel

Action                   |  1- 3 |  4- 6 |  7- 9 || total
-------------------------+-------+-------+-------++-------
Melee: Falchion          |   203 |    79 |       ||   282
       Hand axe          |       |    44 |    40 ||    84
Invok: Berserk           |     3 |     1 |     1 ||     5
  Use: Scroll            |     6 |       |       ||     6
       Potion            |       |       |     1 ||     1
 Stab: Sleeping          |       |     3 |       ||     3
  Eat: Chunk             |     7 |     6 |     1 ||    14
       Beef jerky        |       |       |     1 ||     1
